 Dungeon Sprint DCSS version 0.31-a0-675-g238779eb0a (webtiles) character file.

Game seed: 10926448185387292457

354 sircluck the Grappler (level 6, -1/71 HPs)
             Began as a Troll Berserker on Sept 5, 2023.
             Was a Follower of Trog.
             Slain by Menkaure (12 damage)
             ... in the Dungeon (Sprint II: "The Violet Keep of Menkaure").
             The game lasted 00:00:13 (24 turns).

sircluck the Grappler (Troll Berserker)               Turns: 24, Time: 00:00:14

Health: -1/71      AC:  4    Str: 28    XL:     6   Next: 35%
Magic:  5/5        EV: 11    Int:  3    God:    Trog [*.....]
Gold:   243        SH:  0    Dex:  9    Spells: 5/5 levels left

rFire   . .          .
                       - Unarmed
rCold   . . .        (no shield)
rNeg    . . .        a - +0 animal skin
rPois   .            (helmet restricted)
rElec   .            (no cloak)
rCorr   .            (gloves unavailable)
SInv    .            (boots unavailable)
Will    .....        (no amulet)
Stlth   +            (no ring)
HPRegen 1.11/turn    (no ring)
MPRegen 0.09/turn

%: no teleportation
@: on berserk cooldown, slowed, very slow
A: large, unfitting armour, claws 3, regeneration 1, shaggy fur 1, tough skin 1
a: Renounce Religion, Berserk


You were in the Dungeon.
You worshipped Trog.
Trog was aware of your devotion.
You visited 1 branch You collected 243 gold pieces.

Inventory:

Armour
 a - a +0 animal skin (worn)
Scrolls
 g - a scroll of blinking
Potions
 b - a potion of curing
 c - a potion of heal wounds
 d - a potion of haste
 e - 2 potions of magic
 f - a potion of berserk rage


   Skills:
 + Level 7.1 Fighting
 + Level 7.0 Dodging
 + Level 8.4 Unarmed Combat


You had 5 spell levels left.
You didn't know any spells.
Your spell library was empty.

Dungeon Overview and Level Annotations

Branches:
Dungeon (1/1)

Altars:

Annotations:
D exclusion: ice statue, Menkaure


Innate Abilities, Weirdness & Mutations

You are too large for most types of armour.
You have claws for hands.
Your natural rate of healing is unusually fast.
You are covered in fur. (AC +1)
You have tough skin. (AC +1)


Message History

The merfolk siren is almost dead.
The merfolk siren barely misses you.
You scratch the merfolk siren but do no damage.
The merfolk siren is almost dead.
The merfolk siren closely misses you.
You mangle the merfolk siren!!
You kill the merfolk siren!
Trog accepts your kill.
Trog appreciates your killing of a magic user.
Your Fighting skill gained 5 levels and is now at level 7!
Your Dodging skill gained 5 levels and is now at level 7!
Your Unarmed Combat skill gained 5 levels and is now at level 8!
You have reached level 2!
You have reached level 3!
Your experience leads to an increase in your attributes!
Increase (S)trength, (I)ntelligence, or (D)exterity?
You feel stronger. x3
You have reached level 4!
You have reached level 5!
You have reached level 6!
You feel stronger.
You now have 243 gold pieces.
You see here a +0 spear.
You are no longer berserk.
You are exhausted.
You feel yourself slow down.
You open the door.
Marking area around an ice statue as unsafe for travelling.
There is an open door here.
Menkaure, Prince of Dust comes into view.
Menkaure shouts!
Menkaure gestures wildly while chanting.
Menkaure seems to speed up.
Menkaure hits you!!
* * * LOW HITPOINT WARNING * * *
You scratch Menkaure but do no damage. Menkaure hits you but does no damage.
You claw Menkaure!
Menkaure is heavily damaged.
Menkaure hits you!
You die...

####+####
##≈≈≈≈≈≈☼##
○≈≈≈°°≈≈≈##
≈≈≈8≈°≈≈≈#
≈≈°≈≈≈≈ ≈≈≈≈
##~~#+++#+++##
#~~~..M@.....#
#~~~~.##'##..#
#~~~~##...## #
#~~~ #..#..#
#~~ ##.).## #~
##'## # ##.##
+.<.+ ##.##


You could see an ice statue and Menkaure (fast).

Vanquished Creatures
  A merfolk siren (D)
1 creature vanquished.

Notes
Turn   | Place    | Note
-------+----------+-------------------------------------------
     0 | D        | sircluck the Troll Berserker began the quest for the Orb.
     0 | D        | Reached XP level 1. HP: 22/22 MP: 0/0
     1 | D        | Noticed a merfolk siren
     6 | D        | HP: 1/33 [merfolk siren/+0 spear (7)]
    12 | D        | Killed a merfolk siren
    13 | D        | Reached skill level 8 in Unarmed Combat
    13 | D        | Reached XP level 2. HP: 11/40 MP: 1/1
    13 | D        | Reached XP level 3. HP: 12/46 MP: 2/2
    13 | D        | Reached XP level 4. HP: 15/55 MP: 3/3
    13 | D        | Reached XP level 5. HP: 17/62 MP: 4/4
    13 | D        | Reached XP level 6. HP: 19/71 MP: 5/5
    19 | D        | Noticed an ice statue
    21 | D        | Noticed Menkaure
    24 | D        | Slain by Menkaure

Illustrated notes

Levels and vault maps discovered:
D:        the_violet_keep_of_menkaure [sprint2_stairs_cluster_1,
          sprint2_shoproom, sprint2_temple, sprint2_basic_supplies,
          sprint2_obstacle_4, sprint2_obstacle_3, sprint2_obstacle_2,
          sprint2_obstacle_6, sprint2_obstacle_7, sprint2_timed_cluster_1,
          sprint2_smallroom_cluster_1, sprint2_smallroom_final_cluster_1,
          sprint2_transparent_cluster_1, sprint2_second_timed_cluster_1,
          sprint2_sniper_area_1, sprint2_heavy_combat_area_1,
          sprint2_mutation_trap_area_1, sprint2_forest_area_1,
          sprint2_light_combat_area_1, sprint2_behind_water_1,
          sprint2_near_end_vault_1]

Skill      XL: |  1 |
---------------+----+-----
Fighting       | 7 |  7.1
Dodging        | 7 |  7.0
Unarmed Combat | 8 |  8.4

Action                     |  1- 3 |  4- 6 || total
---------------------------+-------+-------++-------
  Melee: Unarmed           |     9 |     2 ||    11
 Invoke: Berserk           |     1 |       ||     1
 Armour: Animal skin       |     3 |     3 ||     6
  Dodge: Dodged            |     4 |       ||     4

Table legend: (Time is in decaauts)
 A = Elapsed time spent in this place.
 B = Non-inter-level travel time spent in this place.
 C = Inter-level travel time spent in this place.
 D = Time resting spent in this place.
 E = Time spent auto-exploring this place.
 F = Levels seen in this place.
 G = Mean time per level.
                   A        B        C        D        E       F      G
               +--------+--------+--------+--------+--------+-----+--------+
         Total |     24 |     24 |      0 |      0 |      0 |   1 |   24.0 |
       Dungeon |     24 |     24 |      0 |      0 |      0 |   1 |   24.0 |
               +--------+--------+--------+--------+--------+-----+--------+

Top non-repeatable levels by time:
       D: 24 daAuts
